 Dungeon Crawl Stone Soup version 0.29.1-12-g30fa7ad0bf (webtiles) character file.

Game seed: 17388268487774731487

121107 KhryDL the Executioner (level 16, 0/235 HPs)
             Began as a Minotaur Berserker on Jan 8, 2023.
             Was a High Priest of Trog.
             Slain by a bunyip (1 damage)
             ... on level 3 of the Swamp.
             The game lasted 01:31:06 (25410 turns).

KhryDL the Executioner (Minotaur Berserker)        Turns: 25410, Time: 01:31:07

Health: 0/235      AC: 39    Str: 37    XL:     16   Next: 31%
Magic:  16/16      EV: 10    Int:  4    God:    Trog [*****.]
Gold:   2732       SH:  0    Dex: 14    Spells: 15/15 levels left

rFire   . . .      SeeInvis .   G - +5 executioner's axe (freeze)
rCold   . . .      Faith    .   (shield currently unavailable)
rNeg    . . .      Spirit   .   x - +3 crystal plate armour {rC+}
rPois   +          Reflect  .   (helmet restricted)
rElec   +          Harm     .   y - +2 cloak
rCorr   +          Rampage  .   P - +2 pair of gloves {Dex+3}
Will    +....                   f - +2 pair of boots
Stlth   ..........              q - amulet of regeneration
HPRegen 1.29/turn               j - +6 ring of strength
MPRegen 0.15/turn               k - ring of Teqenell {rElec rPois rC- rCorr Str+2}

@: berserking, lethally poisoned (0 -> -1), very quick
A: horns 2, retaliatory headbutt, high MP 1, wild magic 1
a: Renounce Religion, Berserk, Trog's Hand, Brothers in Arms


You were on level 3 of the Swamp.
You worshipped Trog.
Trog was extremely pleased with you.
You visited 4 branches of the dungeon, and saw 26 of its levels.
You also visited: Sewer, Ossuary, Gauntlet and Ice Cave.

You collected 3374 gold pieces.
You spent 642 gold pieces at shops.

Inventory:

Hand Weapons
 G - a +5 executioner's axe of freezing (weapon)
 O - a +1 broad axe of flaming
 Q - a +0 vampiric executioner's axe
Missiles
 J - 2 throwing nets (quivered)
Armour
 f - a +2 pair of boots (worn)
 x - a +3 crystal plate armour of cold resistance (worn)
 y - a +2 cloak (worn)
 P - a +2 pair of gloves of dexterity (worn)
Jewellery
 j - a +6 ring of strength (left hand)
 k - the ring of Teqenell (right hand) {rElec rPois rC- rCorr Str+2}
   (You bought it in a shop on level 2 of the Orcish Mines)

   [ring of poison resistance]

   Str:       It affects your strength (+2).
   rC:        It makes you vulnerable to cold.
   rElec:     It insulates you from electricity.
   rPois:     It protects you from poison.
   rCorr:     It protects you from acid and corrosion.
 o - a ring of see invisible
 q - an amulet of regeneration (around neck)
 w - a ring of protection from cold
 F - a ring of protection from cold
 I - a ring of willpower
 N - the ring of the Locust {rF+ rCorr Dex+6}
   (You took it off a spriggan on level 5 of the Lair of Beasts)

   [ring of dexterity]

   Dex:       It affects your dexterity (+6).
   rF:        It protects you from fire.
   rCorr:     It protects you from acid and corrosion.
 R - a +6 ring of intelligence
 T - an amulet of magic regeneration
Wands
 a - a wand of iceblast (31)
 b - a wand of flame (24)
 v - a wand of mindburst (27)
 C - a wand of polymorph (3)
 H - a wand of charming (9)
 S - a wand of acid (11)
Scrolls
 c - 9 scrolls of vulnerability
 e - a scroll of fog
 g - 4 scrolls of blinking
 i - 12 scrolls of teleportation
 l - 8 scrolls of immolation
 n - a scroll of magic mapping
 t - 2 scrolls of fear
 K - a scroll of poison
 U - a scroll of silence
Potions
 h - 5 potions of might
 m - 14 potions of curing
 p - 4 potions of attraction
 r - 2 potions of cancellation
 s - 6 potions of invisibility
 u - 5 potions of lignification
 z - 6 potions of ambrosia
 A - 3 potions of resistance
 B - 3 potions of magic
 D - 5 potions of flight
 E - 4 potions of haste
Miscellaneous
 d - a condenser vane
 L - a phial of floods
 M - a lightning rod (4/4)


   Skills:
 - Level 18.0 Fighting
 - Level 24.0 Axes
 + Level 17.8 Armour
 - Level 5.2 Dodging


You had 15 spell levels left.
You didn't know any spells.
Your spell library was empty.

Dungeon Overview and Level Annotations

Branches:
Dungeon (15/15)            Temple (0/1) D:6            Lair (5/5) D:11
  Swamp (4/4) Lair:2        Snake (0/4) Lair:3        Slime (0/5) Lair:5
    Orc (2/2) D:12            Elf (0/3) Orc:2        Vaults (0/5) D:14
 Depths (0/4) D:15          Sewer (visited)         Ossuary (visited)
  IceCv (visited)         Gauntlet (visited)

Altars:
Ashenzari
Dithmenos
Elyvilon
Fedhas
Hepliaklqana
Makhleb
Okawaru
Ru
Sif Muna
Uskayaw
Vehumet
Wu Jian
Xom
The Shining One
Jiyva
Lugonu

Shops:
D:6 *   D:10 [   Orc:2 [(*=

Portals:
Abyss: Lair:5
Trove: D:13 (give +6 demon blade)


Innate Abilities, Weirdness & Mutations

You have a pair of horns on your head.
You reflexively headbutt those who attack you in melee.
You have an increased reservoir of magic. (+10% MP)
Your spells are a little harder to cast, but a little more powerful.


Message History

Trog accepts your kill.
You hit the fenstrider witch. You freeze the fenstrider witch.
You slice the bunyip!! You freeze the bunyip!
You feel sick.
You hit the swamp worm. You freeze the swamp worm.
You kill the swamp worm!
Trog accepts your kill.
You slice the eleionoma!! You freeze the eleionoma!
You slash the fenstrider witch! You freeze the fenstrider witch.
You barely miss the bunyip.
You feel sick.
The fenstrider witch points at you and mumbles some strange words.
Your body is wracked with pain!
* * * LOW HITPOINT WARNING * * *
You feel sick.
The eleionoma touches a tree and draws upon its vitality.
The eleionoma is healed.
The fenstrider witch hits you!
* * * LOW HITPOINT WARNING * * *
The fenstrider witch barely misses you.
You climb upwards.
You feel a strong urge to attack something.
You feel very sick.
There is a stone staircase leading down here.
You slice the bunyip!! You freeze the bunyip. Your headbutt misses the bunyip.
The bunyip is almost dead.
You slash the eleionoma! You freeze the eleionoma.
You slice the fenstrider witch!! You freeze the fenstrider witch!
You feel the power of Trog in you as your rage grows.
You kill the fenstrider witch!
Trog accepts your kill.
Trog appreciates your killing of a magic user.
A fenstrider witch bone magically twists into a wand of charming (10).
You feel sick.
The eleionoma hits you but does no damage.
You barely miss the bunyip.
The bunyip is almost dead.
You slice the eleionoma!! You freeze the eleionoma.
You feel sick.
The bunyip claws you but does no damage.
The bunyip claws you!
* * * LOW HITPOINT WARNING * * *
The bunyip claws you.
You die...

~...♣♣♣♣ ♣♣♣♣♣~~.~♣
.....♣ ♣♣♣♣♣~.♣♣♣♣♣♣♣
~~..~♣ ♣.......♣ ♣♣.~.♣
♣~~~~~~~♣♣ ♣♣~~[♣
♣.~~~~~~~♣
♣~♣§~♣♣♣♣♣♣♣~..~~.♣♣♣
~♣♣♣~♣♣..♣~..~.(÷~~~♣♣♣
~.~..♣.~~~.~~§...x~~..♣
~...~~~~~~~~~~~R@.~~~♣♣
.♣♣~~§~~~~~~~~.~/.~~.♣
~~~~~~~~.~~~~§~..~~.♣♣
~~~.~~...)~~~§~~~~~.♣
~~~.~~....~~~~~~~~..♣
~~~.....~..~~~~~.(.♣♣
♣..♣♣..♣♣♣....÷..♣♣♣
♣♣♣♣♣♣♣♣.~~...~♣♣♣
♣~~~...♣♣


You could see a bunyip (catching breath) and an eleionoma.

Vanquished Creatures
  Frances (D:14)
  A fenstrider witch (Swamp:3)
  An orc warlord (Orc:2)
  Nessos (D:15)
  The ghost of caveywoolpert the Earth Mage, a journeyman GrEE of Sif Muna (Orc:2)
  Azrael (D:14)
  An eleionoma (Swamp:3)
  2 minotaurs
  The ghost of kalagan the Thaumaturge, a journeyman DECj of Sif Muna (D:10)
  A fire dragon (D:15)
  A shambling mangrove (Swamp:3)
  An ice dragon (D:15)
  2 boulder beetles
  12 hydras
  Erolcha (Orc:1)
  2 ogre magi
  2 centaur warriors (D:14)
  5 alligators
  10 two-headed ogres
  15 death yaks
  2 tengu warriors (D:15)
  An orc high priest (Orc:2)
  Nergalle (Lair:3)
  3 thrashing horrors (Lair:5)
  A fire crab (Gauntlet)
  Lodul (D:11)
  5 goliath frogs
  2 spriggan druids (Swamp:3)
  2 swamp dragons (Swamp:3)
  2 bog bodies
  3 orc knights (Orc:2)
  3 deep elf pyromancers (D:13)
  2 deep elf zephyrmancers (D:15)
  2 lindwurms
  An oklob plant (Lair:2)
  6 ugly things
  2 cyclopes (D:15)
  3 orc sorcerers (Orc:2)
  5 will-o-the-wisps
  3 manticores
  2 ice statues (IceCv)
  A rust devil (D:10)
  8 elephants
  4 black mambas
  4 gargoyles (D:12)
  A smoke demon (Lair:5)
  An orange demon (D:10)
  15 cane toads
  4 komodo dragons
  2 rime drakes (Lair:5)
  A kobold demonologist (D:11)
  4 yaktaurs (D:15)
  A tengu conjurer (D:15)
  A freezing wraith (D:14)
  2 red devils (D:10)
  2 hellwings (D:10)
  7 trolls
  5 tyrant leeches
  A bloated husk (Swamp:1)
  4 hornets
  An ancient zyme (Lair:5)
  A wind drake (shapeshifter) (D:13)
  Grinder (D:5)
  5 slime creatures (D:12)
  A polar bear (Lair:2)
  2 raiju (Gauntlet)
  10 dream sheep
  22 blink frogs
  A wyvern (Lair:2)
  A centaur simulacrum (D:15)
  2 shadows
  4 wraiths
  6 spriggans
  2 vampires
  2 ynoxinuls (Lair:5)
  4 fire bats (Gauntlet)
  40 yaks
  6 fire elementals (D:14)
  4 chaos spawn
  2 death yak simulacra (IceCv)
  6 basilisks
  21 vampire mosquitoes
  4 wargs (Orc:2)
  4 nagas (Lair:3)
  17 swamp worms
  2 acid dragons (D:10)
  5 large abominations
  16 water moccasins
  2 hell hounds (D:14)
  2 swamp drakes
  2 ice beasts
  13 ogres
  23 orc warriors
  3 black bears
  7 wolves
  12 centaurs
  2 phantoms
  Blork the orc (D:5)
  3 kobold brigands
  2 gnoll sergeants
  5 scorpions
  15 small abominations
  8 bullfrogs
  A cane toad simulacrum (IceCv)
  13 wights
  2 elephant simulacra
  12 killer bees
  An electric eel (Lair:4)
  4 howler monkeys
  4 hounds
  3 jellies
  Crazy Yiuf (D:3)
  18 orc priests
  A gnoll bouda (Orc:1)
  An iguana (D:5)
  17 orc wizards
  A lightning spire (Gauntlet)
  A mummy (Ossuary)
  13 gnolls
  12 adders
  A river rat (Sewer)
  A white imp (D:6)
  An ufetubus (D:5)
  2 worms
  2 dart slugs
  54 orcs
  5 bats
  22 endoplasms
  8 giant cockroaches
  10 goblins
  11 hobgoblins
  6 jackals
  3 quokkas
  13 ball pythons
  6 frilled lizards
  7 gnoll skeletons (Ossuary)
  21 kobolds
  6 kobold skeletons (Ossuary)
  12 orc skeletons (Ossuary)
  10 rats
780 creatures vanquished.

Vanquished Creatures (collateral kills)
  An orc knight (Orc:2)
  An ugly thing (IceCv)
  An ice statue (IceCv)
  2 harpy simulacra (IceCv)
  4 orc warriors (Orc:2)
9 creatures vanquished.

Vanquished Creatures (others)
  A fenstrider witch (Swamp:1)
  An eleionoma (Swamp:1)
  A bloated husk (Swamp:1)
  A swamp drake (Swamp:1)
  25 demonic plants
  14 foxfires
  20 fungi
  28 plants
91 creatures vanquished.

Grand Total: 880 creatures vanquished

Notes
Turn   | Place    | Note
-------+----------+-------------------------------------------
     0 | D:1      | KhryDL the Minotaur Berserker began the quest for the Orb.
     0 | D:1      | Reached XP level 1. HP: 19/19 MP: 0/0
    31 | D:1      | Reached skill level 4 in Axes
    44 | D:1      | Reached XP level 2. HP: 21/26 MP: 1/1
   531 | D:1      | Found a faded altar of an unknown god.
   724 | D:1      | Reached skill level 5 in Axes
   733 | D:1      | Reached XP level 3. HP: 25/31 MP: 2/2
  1382 | D:2      | Reached ** piety under Trog
  2157 | D:3      | Reached skill level 6 in Axes
  2157 | D:3      | Reached XP level 4. HP: 34/39 MP: 3/3
  2608 | D:3      | Found a hide-covered altar of Uskayaw.
  2673 | D:3      | Found a shimmering blue altar of Sif Muna.
  2926 | D:3      | Found a runed translucent door.
  2927 | D:3      | Noticed Crazy Yiuf
  3049 | D:3      | Killed Crazy Yiuf
  3173 | D:4      | Reached skill level 5 in Fighting
  3173 | D:4      | Reached XP level 5. HP: 48/48 MP: 4/4
  3614 | D:4      | Found a broken altar of Ashenzari.
  3630 | D:4      | Reached *** piety under Trog
  3750 | D:4      | Found a white marble altar of Elyvilon.
  4485 | D:5      | Entered Level 5 of the Dungeon
  4548 | D:5      | Noticed Grinder
  4559 | D:5      | Paralysed by Grinder for 3 turns
  4568 | D:5      | Paralysed by Grinder for 3 turns
  4574 | D:5      | Killed Grinder
  4575 | D:5      | Reached XP level 6. HP: 58/58 MP: 5/5
  4610 | D:5      | Reached XP level 7. HP: 38/66 MP: 6/6
  4808 | D:5      | Reached skill level 5 in Armour
  4828 | D:5      | Found an ornate altar of the Wu Jian Council.
  4828 | D:5      | Found a hazy altar of Hepliaklqana.
  4830 | D:5      | Found a sacrificial altar of Ru.
  4830 | D:5      | Found an iron altar of Okawaru.
  4969 | D:5      | Found a sand-covered staircase.
  4978 | Ossuary  | Entered an ossuary
  4978 | Ossuary  | Noticed a wraith
  4978 | Ossuary  | Noticed a wraith
  4978 | Ossuary  | Noticed a wraith
  5012 | Ossuary  | Noticed a wraith
  5039 | Ossuary  | Killed a wraith
  5040 | Ossuary  | Reached XP level 8. HP: 78/78 MP: 7/7
  5412 | D:5      | Noticed Blork the orc
  5421 | D:5      | Killed Blork the orc
  5575 | D:5      | Reached **** piety under Trog
  5878 | D:6      | Found a staircase to the Ecumenical Temple.
  6045 | D:6      | Reached skill level 7 in Axes
  6170 | D:6      | Found a glowing drain.
  6182 | Sewer    | Entered a sewer
  6329 | Sewer    | Reached skill level 8 in Axes
  6342 | Sewer    | Found a viscous altar of Jiyva.
  6439 | D:6      | Found Babrol's Assorted Antiques.
  6820 | D:7      | Reached skill level 9 in Axes
  6820 | D:7      | Reached XP level 9. HP: 44/80 MP: 8/8
  7277 | D:7      | Reached skill level 10 in Axes
  7596 | D:8      | Noticed a troll
  7600 | D:8      | Killed a troll
  7601 | D:8      | Reached skill level 11 in Axes
  7777 | D:8      | Reached ***** piety under Trog
  7849 | D:8      | Reached skill level 12 in Axes
  7882 | D:8      | Found a shimmering altar of Xom.
  7883 | D:8      | Found a shimmering altar of Xom.
  7883 | D:8      | Found a shimmering altar of Xom.
  7884 | D:8      | Found a shimmering altar of Xom.
  7885 | D:8      | Found a shimmering altar of Xom.
  8256 | D:9      | Reached skill level 13 in Axes
  8337 | D:9      | Reached XP level 10. HP: 91/91 MP: 9/9
  8363 | D:9      | Reached skill level 14 in Axes
  8403 | D:9      | Noticed a two-headed ogre
  8412 | D:9      | Killed a two-headed ogre
  8413 | D:9      | Reached skill level 10 in Fighting
  8674 | D:9      | Found a glowing golden altar of the Shining One.
  8834 | D:9      | Received a gift from Trog
  8900 | D:10     | Entered Level 10 of the Dungeon
  8925 | D:10     | Identified the +9 dagger of Disarray {antimagic, Str+5}
  8931 | D:10     | Found a radiant altar of Vehumet.
  8977 | D:10     | Noticed a rust devil
  8983 | D:10     | Killed a rust devil
  8994 | D:10     | Reached skill level 15 in Axes
  9154 | D:10     | Reached XP level 11. HP: 56/101 MP: 10/10
  9273 | D:10     | Reached skill level 16 in Axes
  9297 | D:10     | Found a burning altar of Makhleb.
  9304 | D:10     | Found a runed translucent door.
  9304 | D:10     | Noticed kalagan's ghost (journeyman DECj)
  9400 | D:10     | Found Yxofeina's Superior Scales.
  9669 | D:11     | Noticed Lodul
  9675 | D:11     | Killed Lodul
  9828 | D:11     | Reached skill level 17 in Axes
  9952 | D:11     | Found a staircase to the Lair.
 10520 | Lair:1   | Entered Level 1 of the Lair of Beasts
 10650 | Lair:1   | Reached skill level 18 in Axes
 11468 | D:10     | Killed kalagan's ghost
 11786 | Lair:2   | Identified the +7 long sword "Uneiz" {drain, Drain Will+
                  | Str+4}
 11908 | Lair:2   | Noticed a lindwurm
 11909 | Lair:2   | Reached XP level 12. HP: 109/113 MP: 3/11
 12013 | Lair:2   | Reached skill level 10 in Armour
 12082 | Lair:2   | Found a frozen archway.
 12092 | IceCv    | Entered an ice cave
 12678 | Lair:2   | Found a staircase to the Swamp.
 12865 | Lair:2   | Noticed a five-headed hydra
 12866 | Lair:2   | Noticed a six-headed hydra
 12874 | Lair:2   | Killed an eight-headed hydra
 12876 | Lair:2   | Reached skill level 15 in Fighting
 12884 | Lair:2   | Killed an eight-headed hydra
 12987 | Lair:2   | Found a blossoming altar of Fedhas.
 13385 | Lair:3   | Found a staircase to the Snake Pit.
 13514 | Lair:3   | Noticed Nergalle
 13526 | Lair:3   | Killed Nergalle
 13848 | Lair:3   | Received a gift from Trog
 13873 | Lair:3   | Noticed a death yak
 13873 | Lair:3   | Noticed a death yak
 13873 | Lair:3   | Noticed a death yak
 13874 | Lair:3   | Noticed a death yak
 13874 | Lair:3   | Noticed a death yak
 13884 | Lair:3   | Killed a death yak
 13884 | Lair:3   | Killed a death yak
 13885 | Lair:3   | Reached XP level 13. HP: 128/128 MP: 4/12
 15084 | Lair:5   | Entered Level 5 of the Lair of Beasts
 15172 | Lair:5   | Reached skill level 15 in Armour
 15464 | Lair:5   | Reached XP level 14. HP: 138/138 MP: 4/13
 15506 | Lair:5   | Identified the ring of the Locust {rF+ rCorr Dex+6}
 15545 | Lair:5   | Reached skill level 19 in Axes
 15565 | Lair:5   | Found a corrupted altar of Lugonu.
 15565 | Lair:5   | Found a one-way gate to the infinite horrors of the Abyss.
 15912 | Lair:5   | Reached skill level 20 in Axes
 16046 | Lair:5   | Found a viscous altar of Jiyva.
 16046 | Lair:5   | Found a staircase to the Slime Pits.
 16354 | Lair:5   | Gained mutation: Your spells are a little harder to cast,
                  | but a little more powerful. [potion of mutation]
 16354 | Lair:5   | Gained mutation: You have an increased reservoir of magic.
                  | (+10% MP) [potion of mutation]
 16538 | D:12     | Received a gift from Trog
 16589 | D:12     | Found a gate leading to a gauntlet.
 16600 | Gauntlet | Entered a Gauntlet
 16600 | Gauntlet | Found a transporter.
 16600 | Gauntlet | Found a transporter.
 16605 | Gauntlet | Found a transporter.
 16620 | Gauntlet | Found a transporter.
 16634 | Gauntlet | Found a transporter.
 16647 | Gauntlet | Found a transporter.
 16663 | Gauntlet | Found a transporter.
 16663 | Gauntlet | Found the +2 hat of the Bear Spirit {Spirit, *Rage Will++}
 16731 | Gauntlet | Found a transporter.
 16745 | Gauntlet | Found a transporter.
 16747 | Gauntlet | Found a large runed translucent door.
 16747 | Gauntlet | Found a large runed translucent door.
 16748 | Gauntlet | Found a large runed translucent door.
 16748 | Gauntlet | Found a large runed translucent door.
 16749 | Gauntlet | Found a large runed translucent door.
 16749 | Gauntlet | Found a runed translucent door.
 16749 | Gauntlet | Found a large runed translucent door.
 16749 | Gauntlet | Found a runed translucent door.
 16749 | Gauntlet | Found a large runed translucent door.
 16749 | Gauntlet | Found a large runed translucent door.
 16750 | Gauntlet | Found a large runed translucent door.
 16750 | Gauntlet | Found a large runed translucent door.
 16753 | Gauntlet | Found a large runed translucent door.
 16753 | Gauntlet | Found a large runed translucent door.
 16755 | Gauntlet | Found a large runed translucent door.
 16755 | Gauntlet | Found a large runed translucent door.
 16755 | Gauntlet | Found a large runed translucent door.
 16757 | Gauntlet | Found a runed translucent gate.
 16757 | Gauntlet | Found a runed translucent gate.
 16757 | Gauntlet | Found a runed translucent gate.
 16759 | Gauntlet | Found a transporter.
 16770 | Gauntlet | Found a large runed translucent door.
 16772 | Gauntlet | Found a transporter.
 16788 | Gauntlet | Found a transporter.
 16855 | Gauntlet | Found a transporter.
 16859 | Gauntlet | Found a transporter.
 16865 | Gauntlet | Found a transporter.
 16873 | Gauntlet | Found a transporter.
 17299 | D:12     | You fall into a shaft and drop 1 floor!
 17303 | D:13     | Reached ****** piety under Trog
 17341 | D:13     | Reached skill level 21 in Axes
 17874 | D:13     | Found a portal to a secret trove of treasure.
 18170 | D:12     | Found a staircase to the Orcish Mines.
 18383 | D:12     | Reached skill level 22 in Axes
 18623 | D:12     | Received a gift from Trog
 19070 | D:14     | Found a shadowy altar of Dithmenos.
 19138 | D:14     | Noticed Azrael
 19148 | D:14     | Reached XP level 15. HP: 103/145 MP: 15/15
 19150 | D:14     | Killed Azrael
 19309 | D:14     | Paralysed by an ogre mage for 2 turns
 19319 | D:14     | Found a gate to the Vaults.
 19408 | D:14     | Noticed Frances
 19425 | D:14     | Reached skill level 23 in Axes
 19427 | D:14     | Killed Frances
 19785 | D:15     | Entered Level 15 of the Dungeon
 19822 | D:15     | Noticed Nessos
 19834 | D:15     | Killed Nessos
 19978 | D:15     | Found an ornate altar of the Wu Jian Council.
 20603 | D:15     | Received a gift from Trog
 20651 | D:15     | Found a staircase to the Depths.
 20926 | Orc:1    | Entered Level 1 of the Orcish Mines
 21083 | Orc:1    | Noticed Erolcha
 21089 | Orc:1    | Killed Erolcha
 21341 | Orc:2    | Entered Level 2 of the Orcish Mines
 21348 | Orc:2    | Reached skill level 24 in Axes
 21436 | Orc:2    | Noticed an orc warlord
 21980 | Orc:2    | Killed an orc warlord
 22114 | Orc:2    | Found a staircase to the Elven Halls.
 22171 | Orc:2    | Found Vuacuekk's Antique Armour Shop.
 22188 | Orc:2    | Received a gift from Trog
 22197 | Orc:2    | Found Haamod's General Store.
 22272 | Orc:2    | Found Unnag's Jewellery Shop.
 22279 | Orc:2    | Bought the ring of Teqenell {rElec rPois rC- rCorr Str+2}
                  | for 515 gold pieces
 22297 | Orc:2    | Bought a scroll of blinking for 127 gold pieces
 22305 | Orc:2    | Found Omo Usa's Antique Weapon Shop.
 22501 | Orc:2    | Noticed caveywoolpert's ghost (journeyman GrEE)
 22527 | Orc:2    | Found a runed translucent gate.
 22527 | Orc:2    | Found a runed translucent gate.
 22527 | Orc:2    | Found a runed translucent gate.
 22657 | Orc:2    | Killed caveywoolpert's ghost
 22896 | Swamp:1  | Entered Level 1 of the Swamp
 22916 | Swamp:1  | Noticed a fenstrider witch
 22927 | Swamp:1  | Killed a fenstrider witch
 22931 | Swamp:1  | Reached skill level 5 in Dodging
 23955 | Swamp:1  | Identified a scroll of acquirement
 24101 | Swamp:1  | Acquired a +0 vampiric executioner's axe
 24308 | Swamp:2  | Reached XP level 16. HP: 155/155 MP: 16/16
 25393 | Swamp:4  | Entered Level 4 of the Swamp
 25398 | Swamp:4  | Paralysed by a fenstrider witch for 2 turns
 25410 | Swamp:3  | HP: 1/235 [bunyip (13)]
 25410 | Swamp:3  | Slain by a bunyip

Illustrated notes

Levels and vault maps discovered:
D:1:      mrwooster_arrival_statue_2, layout_basic,
          shapermc_ecumenical_altar_petra
D:2:      layout_loops_ring, minmay_statues_item, grunt_decor_junction
D:3:      layout_loops_corners, mainiacjoe_overflow_brackets, marbit_many_paths,
          uniq_crazy_yiuf_cottage
D:4:      layout_basic, nicolae_ashenzari_panopticon, elyvilon_altar_1
D:5:      layout_loops_corners, mainiacjoe_overflow_alcove_3,
          nicolae_ossuary_entry_monument, eino_small_chamber_without_monster,
          uniq_grinder, uniq_blork_the_orc
D:6:      layout_basic, minmay_temple_entry_grid, serial_shops,
          kennysheep_mini_moat, portal_sewer_entry_b, hangedman_decor_riveting
D:7:      layout_gridville, enter_bailey_3
D:8:      layout_basic, xom_shifter_show
D:9:      layout_gridville, tso_oasis_becter
D:10:     layout_rooms, lemuel_doored_altar, nicolae_overflow_crystal_walls,
          serial_demonic, serial_demonic_f, serial_demonic_d, serial_demonic_d,
          serial_demonic_c, gammafunk_ghost_grave, hellmonk_scale_shop
D:11:     layout_loops_ring, lair_entry_dummy, uniq_lodul
D:12:     layout_loops_ring, david_orc_4, gauntlet_entry_generic
D:13:     layout_loops_cross, enter_trove_6, chequers_garden
D:14:     layout_stronghold, david_vaults_2, grunt_dithmenos_shadows,
          uniq_azrael, uniq_frances
D:15:     grunt_enter_depths_hoard, layout_gridville, nrook_mini_backslash,
          pdpol_wu_jian_five_deadly_venoms, uniq_nessos
Lair:1:   layout_gridlike, chequers_serial_rivers_micro_a
Lair:2:   nzn_winding_woodlands_stair_cross
          [nzn_winding_woodlands_5x15_sidewinder,
          nzn_winding_woodlands_center_triple_pond,
          nzn_winding_woodlands_5x15_twine,
          nzn_winding_woodlands_5x5_closed_star,
          nzn_winding_woodlands_5x5_default, nzn_winding_woodlands_5x15_pockets,
          nzn_winding_woodlands_center_garden,
          nzn_winding_woodlands_5x15_lazy_stream], layout_layer_cave,
          swamp_mist, portal_ice_cave_entry_ice_simulacra, tgw_fedhas
Lair:3:   layout_roguey, guppyfry_snake_entry_garden, uniq_nergalle
Lair:4:   layout_cave_pods, infiniplex_staircase_pool, serial_bayou_shore_a
Lair:5:   hellmonk_lair_end_abyssal_woods, layout_regular_city, slime_entry_1
Swamp:1:  layout_basic_swamp, hangedman_swamp_ruin_wall, swamp_pool3
Swamp:2:  layout_basic_swamp, evilmike_swamp_ruin_house_2
Swamp:3:  layout_basic_swamp, evilmike_swamp_ruin_house_3
Swamp:4:  swamp_alternative, layout_basic_swamp, swamp_pool3,
          nicolae_swamp_hydra_murder_den
Orc:1:    layout_caves, nicolae_orc_lava_room, uniq_erolcha
Orc:2:    grunt_orc_cross, layout_caves, maelrawn_ghost_gauntlet_escape,
          mines2_david

Skill      XL: |  1  2  3  4  5  6  7  8  9 10 11 12 13 14 15 16 |
---------------+-------------------------------------------------+-----
Axes           | 4 5 6 9 13 15 18 22 24 | 24.0
Fighting       | 5 6 7 9 10 12 16 17 18 | 18.0
Armour         | 4 6 8 9 11 15 16 17 | 17.8
Dodging        | 5 |  5.2

Action                   |  1- 3 |  4- 6 |  7- 9 | 10-12 | 13-15 | 16-18 || total
-------------------------+-------+-------+-------+-------+-------+-------++-------
Melee: Hand axe          |    99 |    77 |   338 |    21 |       |       ||   535
       Headbutt          |    10 |    13 |    58 |    78 |   150 |    24 ||   333
       Punch             |       |       |     5 |       |       |       ||     5
       Battleaxe         |       |       |       |   165 |       |       ||   165
       Executioner's axe |       |       |       |   210 |   768 |   120 ||  1098
Invok: Berserk           |     1 |     2 |     2 |    10 |    14 |     1 ||    30
       Trog's Hand       |       |       |       |     3 |       |       ||     3
       Brothers in Arms  |       |       |       |     1 |     1 |       ||     2
  Use: Scroll            |       |     3 |    13 |     9 |    14 |     1 ||    40
       Potion            |       |       |       |     3 |     2 |       ||     5
Armor: Animal skin       |     9 |       |       |       |       |       ||     9
       Plate armour      |    25 |    35 |   214 |   174 |       |       ||   448
       Leather armour    |     4 |       |       |       |       |       ||     4
       Crystal plate arm |       |       |       |    56 |   724 |   160 ||   940
Dodge: Dodged            |    63 |    25 |   140 |   154 |   305 |    70 ||   757
